 Dungeon Crawl Stone Soup version 0.23.1 (webtiles) character file.

Game seed: 3682342329461383630

189 Borgoz the Ruffian (level 5, -3/46 HPs)
             Began as a Ghoul Monk on Mar 8, 2019.
             Slain by Natasha (7 damage)
             ... on level 3 of the Dungeon.
             The game lasted 00:04:28 (2843 turns).

Borgoz the Ruffian (Ghoul Monk)                     Turns: 2843, Time: 00:04:29

Health: -3/46      AC:  4    Str: 15    XL:     5   Next: 68%
Magic:  4/4        EV: 13    Int:  6    God:
Gold:   136        SH:  0    Dex: 11    Spells: 4/4 levels left

rFire    . . .     SeeInvis .     - Unarmed
rCold    + . .     Gourm    .   (no shield)
rNeg     + + +     Faith    .   a - +0 robe
rPois    ∞         Spirit   .   (no helmet)
rElec    .         Reflect  .   j - +1 cloak {rPois}
rCorr    .         Harm     .   (no gloves)
MR       .....                  (no boots)
Stlth    ++........             (no amulet)
HPRegen  0.00/turn              (no ring)
MPRegen  0.09/turn              (no ring)

@: rotting
A: rotting body, claws 1, carnivore, cold resistance 1, negative energy
resistance 3, inhibited regeneration, torment resistance, unbreathing
a: no special abilities


You were on level 3 of the Dungeon.
You were not hungry.

You visited 1 branch of the dungeon, and saw 3 of its levels.

You collected 136 gold pieces.

Inventory:

Armour
 a - a +0 robe (worn)
 j - a +1 cloak of poison resistance (worn)
Scrolls
 d - a scroll of magic mapping
 f - a scroll of enchant weapon
 g - 3 scrolls of identify
 k - a scroll of noise {unknown}
Potions
 e - a potion of haste
 h - 4 potions of curing
 i - a potion of agility
 l - a potion of flight
Comestibles
 b - 6 rations
 c - 12 chunks of flesh


   Skills:
 + Level 3.9 Fighting
 + Level 3.5 Dodging
 - Level 3.3 Stealth
 + Level 5.2 Unarmed Combat


You had 4 spell levels left.
You didn't know any spells.
Your spell library was empty.

Dungeon Overview and Level Annotations

Branches:
Dungeon (3/15)

Altars:

Annotations:
D:3 Natasha


Innate Abilities, Weirdness & Mutations

Your body is rotting away.
You thrive on raw meat.
You are immune to poison.
You have sharp fingernails.
You are carnivorous and can eat meat at any time.
Your flesh is cold resistant. (rC+)
You are immune to negative energy. (rN+++)
You do not regenerate when monsters are visible.
You are immune to unholy pain and torment.
You can survive without breathing.


Message History

Natasha closely misses you.
You scratch Natasha.
Natasha is moderately wounded.
The gnoll hits you from afar with a +0 spear!
Natasha claws you but does no damage.
You are too injured to fight recklessly!
You closely miss Natasha.
Natasha is moderately wounded.
The gnoll misses you. Natasha misses you. The gnoll barely misses you.
The gnoll hits you from afar with a +0 halberd!
* * * LOW HITPOINT WARNING * * *
You scratch Natasha. Your claw misses Natasha.
Natasha is heavily wounded.
Natasha claws you!
* * * LOW HITPOINT WARNING * * *
You completely miss Natasha.
Natasha is heavily wounded.
Natasha claws you!
You die...

### ##### #.. ..#..
#.# #.#.# ## #.#
#.#.# .##
#.######.#.##### #÷##
#.##.....hg....#
##†##
#.......@#.###.# ##.#
#.......##g# ##.##
#.##.##.##gg
#.#######.##.##.#####
.......##.##.##.#
..####.##.##..#.#
..####.##.###.#.#
.....#.##.# #.#.#
.†##.#.##.###.#.#


You could see Natasha and a gnoll.

Vanquished Creatures
  An orc priest (D:3)
  Natasha (D:3)
  A worker ant (D:2)
  2 oozes
  4 worms
  2 dart slugs
  9 leopard geckos
  An orc (D:3)
  3 ball pythons
  8 bats
  13 giant cockroaches
  6 hobgoblins
  9 kobolds
  A quokka (D:3)
  6 frilled lizards
  7 goblins
  2 rats (D:1)
76 creatures vanquished.

Notes
Turn   | Place    | Note
-------+----------+-------------------------------------------
     0 | D:1      | Borgoz the Ghoul Monk began the quest for the Orb.
     0 | D:1      | Reached XP level 1. HP: 19/19 MP: 0/0
   172 | D:1      | Reached XP level 2. HP: 16/26 MP: 1/1
   525 | D:1      | Reached XP level 3. HP: 14/31 MP: 2/2
  1407 | D:2      | Reached skill level 4 in Unarmed Combat
  1695 | D:2      | Reached XP level 4. HP: 34/40 MP: 3/3
  2080 | D:2      | Reached XP level 5. HP: 13/46 MP: 4/4
  2580 | D:3      | Noticed Natasha
  2585 | D:3      | Killed Natasha
  2585 | D:3      | Reached skill level 5 in Unarmed Combat
  2831 | D:3      | Noticed Natasha
  2843 | D:3      | Slain by Natasha

Skill      XL: |  1  2  3  4  5 |
---------------+----------------+-----
Dodging        | 3 |  3.5
Unarmed Combat | 4 5 |  5.2
Stealth        | 3 |  3.3
Fighting       | |  3.9

Action                   |  1- 3 |  4- 6 || total
-------------------------+-------+-------++-------
Melee: Unarmed           |   151 |   117 ||   268
       Punch             |     1 |     2 ||     3
  Use: Potion            |       |     6 ||     6
       Scroll            |       |     2 ||     2
 Stab: Sleeping          |     6 |     7 ||    13
       Distracted        |       |     1 ||     1
  Eat: Chunk             |    13 |     7 ||    20
Armor: Robe              |    28 |    26 ||    54
Dodge: Dodged            |   112 |    72 ||   184
